 Dungeon Crawl Stone Soup version 0.31.0-9-g3a7656b989 (webtiles) character file.

Game seed: 3267981152098786978

117 qw the Skirmisher (level 4, 0/25 HPs)
             Began as a Deep Elf Hunter on Feb 2, 2024.
             Killed by divine providence
             ... invoked by an orc priest
              (13 damage)
             ... on level 3 of the Dungeon.
             The game lasted 00:00:06 (1877 turns).

qw the Skirmisher (Deep Elf Hunter)                 Turns: 1877, Time: 00:00:07

Health: 0/25       AC:  6    Str: 10    XL:     4   Next: 71%
Magic:  6/6        EV: 11    Int: 14    God:
Gold:   143        SH:  5    Dex: 18    Spells: 3/3 levels left

rFire   . . .        a - +0 shortbow
rCold   . . .        (shield currently unavailable)
rNeg    . . .        i - +0 ring mail
rPois   .            (no helmet)
rElec   .            e - +0 cloak
rCorr   .            (no gloves)
SInv    .            (no boots)
Will    .....        b - amulet of reflection
Stlth   +            (no ring)
HPRegen 0.24/turn    (no ring)
MPRegen 0.10/turn

%: reflection
@: no status effects
A: no striking features
a: no special abilities


You were on level 3 of the Dungeon.
You visited 1 branch of the dungeon, and saw 3 of its levels.

You collected 143 gold pieces.


   Skills:
 - Level 1.5 Fighting
 + Level 8.1 Ranged Weapons
 - Level 2.4 Dodging
 - Level 1.2 Stealth


You had 3 spell levels left.
You didn't know any spells.
Your spell library was empty.

Inventory:

Hand Weapons
 a - a +0 shortbow (weapon)
Armour
 e - a +0 cloak (worn)
 i - a +0 ring mail (worn)
Jewellery
 b - an amulet of reflection (around neck)
 g - a ring of resist corrosion
Scrolls
 f - a scroll of identify
 k - 2 scrolls of teleportation
Potions
 c - a potion of might {unknown}
 d - a potion of haste {unknown}
 h - a potion of heal wounds
 j - a potion of curing

Dungeon Overview and Level Annotations

Branches:
Dungeon (3/15)

Altars:
Makhleb


Message History

The arrow hits the orc but does no damage.
The orc is lightly wounded.
The orc barely misses you.
You shoot an arrow. The arrow hits the orc.
The orc is moderately wounded.
The orc hits you with a +0 club. x2
You shoot an arrow. The arrow hits the orc.
The orc is moderately wounded.
The orc barely misses you.
You shoot an arrow. The arrow hits the orc.
The orc is severely wounded.
The orc hits you with a +0 club.
You shoot an arrow. The arrow hits the orc.
The orc is almost dead.
The orc hits you with a +0 club.
You shoot an arrow.
The arrow hits the orc but does no damage.
The orc is almost dead.
The orc closely misses you.
You shoot an arrow. The arrow closely misses the orc.
The orc barely misses you.
You shoot an arrow. The arrow hits the orc.
You kill the orc!
You start resting.
An orc priest is nearby!
1870 ||| FLEEEEING.
The orc priest shouts!
You hear a shout!
The orc priest mumbles some strange prayers to Beogh against you.
Beogh smites you!
1871 ||| FLEEEEING.
1872 ||| FLEEEEING.
1873 ||| FLEEEEING.
1874 ||| FLEEEEING.
1875 ||| FLEEEEING.
1876 ||| FLEEEEING.
1877 ||| FLEEEEING.
The orc priest mumbles some strange prayers to Beogh against you.
Beogh smites you!
Ouch! That really hurt!
You die...

#...............#
#........(......# #
#...............# ##
#...............# ##.
##.............## ###..
##...........###########...#
######.#..[.......#........ #
#..#..#####........#### #..
#.##..@####........#
.....#####.##.#......>......#
..................###.......#
......)............##.......###
.............................)##
........o.........###......>...<
.........#........###.......)...
.............................)..
.).#########........(...........


You could see an orc priest.

Vanquished Creatures
  4 gnolls (D:3)
  3 adders
  A ribbon worm (D:2)
  2 orcs (D:3)
  3 ball pythons
  5 endoplasms
  4 goblins
  4 hobgoblins
  8 bats
  2 frilled lizards (D:2)
  10 kobolds
  4 rats
50 creatures vanquished.

Notes
Turn   | Place    | Note
-------+----------+-------------------------------------------
     0 | D:1      | qw the Deep Elf Hunter began the quest for the Orb.
     0 | D:1      | Reached XP level 1. HP: 12/12 MP: 3/3
     0 | D:1      | 0 ||| qw: Version: 0.3-a-155-g5e7d8dd
     0 | D:1      | 0 ||| qw: Game counter: 1737
     0 | D:1      | 0 ||| qw: Melee chars always use a shield: true
     0 | D:1      | 0 ||| qw: God list: Okawaru
     0 | D:1      | 0 ||| qw: Allow faded altars: false
     0 | D:1      | 0 ||| qw: Do Orc after clearing Dungeon:15 true
     0 | D:1      | 0 ||| qw: Do second Lair branch before Depths: true
     0 | D:1      | 0 ||| qw: Lair rune preference: random
     0 | D:1      | 0 ||| qw: Goals: Normal
     0 | D:1      | 0 ||| PLANNING D:1-11
   222 | D:1      | Reached XP level 2. HP: 16/16 MP: 4/4
   224 | D:1      | Reached skill level 6 in Ranged Weapons
   763 | D:1      | 763 ||| UPGRADING to +0 cloak.
   768 | D:1      | 768 ||| UPGRADING to +0 ring mail.
   778 | D:1      | 778 ||| DROPPING +0 leather armour.
   779 | D:1      | 779 ||| READING scroll labelled NEUNIA QOCITWU.
   780 | D:1      | 780 ||| READING scroll labelled PEXKYSHR REZERUNIMP.
   785 | D:1      | 785 ||| READING 3 scrolls labelled EXKEXA GAGORA.
   785 | D:1      | 785 ||| IDENTIFYING glowing grey potion
   786 | D:1      | 786 ||| READING 2 scrolls of identify.
   786 | D:1      | 786 ||| IDENTIFYING cyan potion
   787 | D:1      | 787 ||| READING scroll of identify.
   787 | D:1      | 787 ||| IDENTIFYING murky dark potion
   788 | D:1      | 788 ||| READING scroll labelled AKIEL LEL XUX.
   789 | D:1      | 789 ||| DROPPING scroll of butterflies.
   790 | D:1      | 790 ||| DROPPING potion of invisibility.
   862 | D:2      | 862 ||| FLEEEEING.
   940 | D:2      | Reached XP level 3. HP: 20/20 MP: 5/5
  1111 | D:2      | Reached skill level 7 in Ranged Weapons
  1443 | D:2      | 1443 ||| UPGRADING to amulet of reflection.
  1448 | D:2      | 1448 ||| READING scroll labelled COAQAE JUMPUARGH.
  1449 | D:2      | 1449 ||| READING scroll labelled PIN YNOUTUOR.
  1450 | D:2      | 1450 ||| DRINKING 2 fuming amethyst potions.
  1487 | D:2      | 1487 ||| DRINKING 3 bubbling red potions.
  1488 | D:2      | 1488 ||| DROPPING potion of lignification.
  1489 | D:2      | 1489 ||| DROPPING 2 potions of brilliance.
  1542 | D:3      | 1542 ||| RETREEEEATING.
  1549 | D:3      | Reached XP level 4. HP: 24/25 MP: 6/6
  1643 | D:3      | Reached skill level 8 in Ranged Weapons
  1704 | D:3      | Found a faded altar of an unknown god.
  1722 | D:3      | Found a burning altar of Makhleb.
  1870 | D:3      | 1870 ||| FLEEEEING.
  1871 | D:3      | 1871 ||| FLEEEEING.
  1872 | D:3      | 1872 ||| FLEEEEING.
  1873 | D:3      | 1873 ||| FLEEEEING.
  1874 | D:3      | 1874 ||| FLEEEEING.
  1875 | D:3      | 1875 ||| FLEEEEING.
  1876 | D:3      | 1876 ||| FLEEEEING.
  1877 | D:3      | 1877 ||| FLEEEEING.
  1877 | D:3      | Killed from afar by an orc priest

Levels and vault maps discovered:
D:1:      lightli_arrival_lavapool, layout_basic, minivault_14, st_stairs_3
D:2:      layout_loops_ring, minmay_pentomino_v2
D:3:      cheibrodos_pilgrimage, layout_rooms, general_overflow_altar,
          shapermc_ecumenical_altar_flowoftime, corner_web_ring

Skill      XL: |  1  2  3  4 |
---------------+-------------+-----
Ranged Weapons | 6 7 8 |  8.1
Fighting       | |  1.5
Dodging        | |  2.4
Stealth        | |  1.2

Action                     |  1- 3 |  4- 6 || total
---------------------------+-------+-------++-------
   Fire: Shortbow          |   103 |    43 ||   146
    Use: Scroll            |     8 |       ||     8
         Potion            |     2 |       ||     2
 Armour: Leather armour    |     2 |       ||     2
         Ring mail         |    10 |     8 ||    18
  Dodge: Dodged            |    22 |    13 ||    35
  Block: Other             |       |     2 ||     2

Table legend:
 A = Non-vault XP
 B = Vault XP
 C = Vault XP percentage of total XP
 D = Non-vault monster count
 E = Vault monster count
 F = Vault count percentage of total count
                 A         B        C        D         E       F
            +---------+---------+-------+---------+---------+-------
      Total |     158 |      10 |   6.0 |      45 |       5 |  10.0
            +---------+---------+-------+---------+---------+-------
        D:1 |      22 |       2 |   8.3 |      14 |       2 |  12.5
        D:2 |      56 |       2 |   3.4 |      20 |       1 |   4.8
        D:3 |      80 |       6 |   7.0 |      11 |       2 |  15.4
            +---------+---------+-------+---------+---------+-------
